 Dungeon Crawl Stone Soup version 0.29.0-13-gc9e81de378 (webtiles) character file.

Game seed: 9699819873773583584

13 masschaos23 the Poker (level 2, -1/21 HPs)
             Began as an Octopode Chaos Knight on Sept 7, 2022.
             Was a Plaything of Xom.
             Killed from afar by a dart slug (4 damage)
             ... with a slug dart
             ... on level 1 of the Dungeon.
             The game lasted 00:01:19 (345 turns).

masschaos23 the Poker (Octopode Chaos Knight)        Turns: 345, Time: 00:01:20

Health: -1/21      AC:  1    Str: 11    XL:     2   Next: 37%
Magic:  2/2        EV: 13    Int: 14    God:    Xom [..*...]
Gold:   20         SH:  0    Dex: 11    Spells: 1/1 levels left

rFire   . . .      SeeInvis .   a - +0 spear (chaos)
rCold   . . .      Faith    .   (no shield)
rNeg    . . .      Spirit   .   (helmet restricted)
rPois   .          Reflect  .   (no amulet)
rElec   .          Harm     .   (no ring)
rCorr   .          Rampage  .   (no ring)
Will    .....                   (no ring)
Stlth   ++........              (no ring)
HPRegen 0.07/turn               (no ring)
MPRegen 0.08/turn               (no ring)
                                (no ring)
                                (no ring)

@: no status effects
A: almost no armour, amphibious, 8 rings, camouflage 1, gelatinous body 1,
(nimble swimmer 1), tentacles
a: Renounce Religion


You were on level 1 of the Dungeon.
You worshipped Xom.
You were a toy of Xom.
You visited 1 branch of the dungeon, and saw 1 of its levels.

You collected 20 gold pieces.

Inventory:

Hand Weapons
 a - a +0 spear of chaos (weapon)
Scrolls
 c - a scroll of acquirement {unknown}
 e - a scroll of poison {unknown}
Potions
 d - a potion of haste {unknown}
Miscellaneous
 b - a piece from Xom's chessboard (15/15) (quivered)


   Skills:
 + Level 3.2 Fighting
 + Level 3.3 Polearms
 + Level 2.6 Dodging
 + Level 0.1 Stealth


You had one spell level left.
You didn't know any spells.
Your spell library was empty.

Dungeon Overview and Level Annotations

Branches:
Dungeon (1/15)

Altars:


Innate Abilities, Weirdness & Mutations

You cannot wear most types of armour.
You are amphibious.
You can wear up to eight rings at the same time.
Your skin changes colour to match your surroundings (Stealth+).
Your rubbery body absorbs attacks. (AC +1, EV +1)
((You are camouflaged when in or above water. (Stealth+)))
You have tentacles for arms and can constrict up to eight enemies at once.


Message History

Xom's power almost touches on you for a moment.
Your coppery potion falls out of your pack, then immediately jumps back in!
You start resting.
HP restored.
You start waiting.
Done waiting.
A dart slug comes into view.
A quokka comes into view.
A dart slug comes into view.
The dart slug launches a dart at you. The slug dart hits you.
The dart slug bites you.
You hit the dart slug.
The dart slug flickers and vanishes!
Deactivating autopickup; reactivate with Ctrl-A.
Xom is interested.
You hit something. You squeeze something. The dart slug closely misses you.
A slug dart appears from out of thin air!
The slug dart hits you.
You hit the dart slug.
The dart slug is poisoned.
Your grab misses the dart slug. You squeeze the dart slug.
You kill the dart slug!
You hit the quokka.
The quokka suddenly seems more agile.
Xom is mildly amused.
Your grab misses the quokka.
The quokka is moderately wounded.
Something bites you. The quokka bites you.
You miss the quokka. Your grab misses the quokka. You squeeze the quokka.
You kill the quokka!
Something bites you.
* * * LOW HITPOINT WARNING * * *
A slug dart appears from out of thin air!
The slug dart hits you.
* * * LOW HITPOINT WARNING * * *
There is a stone staircase leading down here.
A slug dart appears from out of thin air!
The slug dart misses you.
A slug dart appears from out of thin air!
The slug dart hits you.
You die... "Huh?
Did I miss anything?"

#.#.#.#..........# #.
#.......###.#....#####.##
###...### #............##
#..{#######..#.#######
#...{........#.#
#.#.#...#..#.#.#
#.#.#.#.#.##.#.#
#.#.#.#...#....#
#.#.#.@).........#
..#.#####...##.# ..#.#
######.# ..#.# #.#
#.##########.####
#.#.............#
#.#..........##.# #
#.#..#.##.##.##.##
..##.##...>............##


There were no monsters in sight!

Vanquished Creatures
  A dart slug (D:1)
  A bat (D:1)
  2 endoplasms (D:1)
  A goblin (D:1)
  2 hobgoblins (D:1)
  A quokka (D:1)
  A rat (D:1)
9 creatures vanquished.

Notes
Turn   | Place    | Note
-------+----------+-------------------------------------------
     0 | D:1      | masschaos23 the Octopode Chaos Knight began the quest for
                  | the Orb.
     0 | D:1      | Reached XP level 1. HP: 16/16 MP: 1/1
   126 | D:1      | Reached XP level 2. HP: 20/21 MP: 2/2
   154 | D:1      | XOM: silly message
   345 | D:1      | Killed from afar by a dart slug

Illustrated notes

Levels and vault maps discovered:
D:1:      dpeg_arrival_yet_another_circle, layout_loops_ring,
          hellmonk_ecumenical_altar_watching_god, grunt_decor_cap,
          minmay_domino_2

Action                   || total
-------------------------++-------
Melee: Spear             ||    20
       Constrict         ||     4
       Tentacles         ||     5
 Stab: Sleeping          ||     2
Armor: Skin              ||     2
Dodge: Dodged            ||    12
